 Dungeon Crawl Stone Soup version 0.29-a0-775-g4d7333d4e2 (webtiles) character file.

Game seed: 12983221326038531986

175 oldriver the Magician (level 5, 0/26 HPs)
             Began as a Vine Stalker Hedge Wizard on July 1, 2022.
             Succumbed to a scorpion's poison
             ... on level 4 of the Dungeon.
             The game lasted 00:04:18 (4398 turns).

oldriver the Magician (Vine Stalker Hedge Wizard)   Turns: 4398, Time: 00:04:18

Health: 0/26       AC:  2    Str: 12    XL:     5   Next: 55%
Magic:  0/12       EV: 12    Int: 16    God:
Gold:   102        SH:  0    Dex: 14    Spells: 6/12 levels left

rFire   . . .      SeeInvis +   s - +1 short sword (speed)
rCold   . . .      Faith    .   (no shield)
rNeg    . . .      Spirit   +   b - +0 robe
rPois   .          Reflect  .   c - +0 hat
rElec   .          Harm     .   (no cloak)
rCorr   .          Rampage  .   (no gloves)
Will    .....                   (no boots)
Stlth   ++........              (no amulet)
HPRegen 0.88/turn               n - ring of see invisible
MPRegen 0.13/turn               (no ring)

@: lethally poisoned (0 -> -4), attractive, very slightly contaminated
A: fangs 2, regeneration 1, magic shield, antimagic bite, no potion heal 2
a: no special abilities


You were on level 4 of the Dungeon.
You visited 1 branch of the dungeon, and saw 4 of its levels.

You collected 102 gold pieces.

Inventory:

Hand Weapons
 a - a +0 dagger
 s - a +1 short sword of speed (weapon)
Missiles
 t - 3 curare-tipped darts
 u - 4 atropa-tipped darts
Armour
 b - a +0 robe (worn)
 c - a +0 hat (worn)
Jewellery
 n - a ring of see invisible (left hand)
Scrolls
 g - 2 scrolls of fog {unknown}
 i - a scroll of vulnerability {unknown}
 j - 3 scrolls of identify {unknown}
 k - 2 scrolls of blinking {unknown}
 l - a scroll of amnesia {unknown}
 o - a scroll of teleportation {unknown}
 q - a scroll of fear {unknown}
 r - a scroll of poison {unknown}
 v - a scroll of immolation {unknown}
Potions
 d - 2 potions of magic
 e - 2 potions of attraction
 f - a potion of heal wounds
 h - a potion of brilliance {unknown}
 m - a potion of lignification {unknown}
 p - 3 potions of curing {unknown}


   Skills:
 + Level 2.2 Fighting
 - Level 1.5 Dodging
 - Level 2.4 Stealth
 + Level 4.2 Spellcasting
 + Level 2.7 Conjurations
 - Level 1.0 Summonings
 - Level 1.0 Translocations
 + Level 1.9 Poison Magic


You had 6 spell levels left.
You knew the following spells:

 Your Spells              Type           Power      Damage    Failure   Level
a - Magic Dart            Conj           48%        1d5       5%          1
b - Sting                 Tmut/Pois      24%        1d4       11%         1
c - Blink                 Tloc           12%        N/A       17%         2
d - Wereblood             Tmut           3%         N/A       26%         2

Your spell library contained the following spells:

 Spells                   Type           Power      Damage    Failure   Level
 Summon Small Mammal      Summ           24%        N/A       11%         1
 Slow                     Hex            12%        N/A       17%         1
 Call Imp                 Summ           6%         N/A       17%         2
 Poisonous Vapours        Pois/Air       12%        N/A       17%         2
 Sublimation of Blood     Necr           3%         N/A       26%         2
 Mephitic Cloud           Conj/Pois/Air  8%         N/A       26%         3
 Conjure Flame            Conj/Fire      7%         6-21      28%         3
 Call Canine Familiar     Summ           6%         N/A       32%         3
 Summon Guardian Golem    Hex/Summ       5%         N/A       38%         3
 Olgreb's Toxic Radiance  Pois           9%         N/A       58%         4
 Summon Hydra             Summ           3%         N/A       100%        7


Dungeon Overview and Level Annotations

Branches:
Dungeon (4/15)
 Temple: D:4-7

Altars:


Innate Abilities, Weirdness & Mutations

You have extremely sharp teeth.
Your natural rate of healing is unusually fast.
When hurt, damage is shared between your health and your magic reserves.
Your bite disrupts and absorbs the magic of your enemies.
Potions cannot restore your health.


Message History

The scorpion stings you.
You are more poisoned.
The scorpion poisons you! The scorpion stings you!
Casting: Sting (safe; 11% risk of failure)
Confirm with . or Enter, or press ? or * to list all spells.
Aiming: Sting (safe; 11% risk of failure)
Press: ? - help, Shift-Dir - straight line, f/p - scorpion
Aim: a scorpion (moderately wounded, 68% to hit)
The sting hits the scorpion.
The scorpion is poisoned.
The scorpion is moderately wounded.
You feel very sick. The scorpion closely misses you.
Casting: Sting (safe; 11% risk of failure)
Confirm with . or Enter, or press ? or * to list all spells.
Aiming: Magic Dart (safe; 5% risk of failure)
Press: ? - help, Shift-Dir - straight line, f/p - scorpion
Aim: a scorpion (heavily wounded, poisoned, 100% to hit)
The magic dart hits the scorpion but does no damage.
The scorpion is heavily wounded.
You feel sick. The scorpion stings you.
You are lethally poisoned!
The scorpion poisons you!
Casting: Magic Dart (safe; 5% risk of failure)
Confirm with . or Enter, or press ? or * to list all spells.
Aiming: Magic Dart (safe; 5% risk of failure)
Press: ? - help, Shift-Dir - straight line, p - scorpion The magic dart hits the scorpion but does no damage.
The scorpion is severely wounded.
* * * LOW HITPOINT WARNING * * *
You feel very sick.
The scorpion stings you but does no damage.
It was a potion of attraction.
You feel attractive to monsters.
* * * LOW HITPOINT WARNING * * *
You feel very sick. The scorpion stings you.
* * * LOW HITPOINT WARNING * * *
Unknown command.
It was a potion of heal wounds.
That seemed strangely inert.
You die...

## . ###. #..
#.. ###.### .
##...#@##....
#...<..s......
#............#
#............#
##............
###..........
>..........
###.........
####.....


You could see a scorpion (poisoned).

Vanquished Creatures
  2 orc priests (D:3)
  4 adders
  A worm (D:2)
  3 dart slugs
  4 orcs
  5 ball pythons (D:1)
  5 endoplasms
  A giant cockroach (D:1)
  6 goblins
  9 hobgoblins
  3 quokkas
  6 bats
  4 frilled lizards
  7 kobolds
  7 rats
67 creatures vanquished.

Notes
Turn   | Place    | Note
-------+----------+-------------------------------------------
     0 | D:1      | oldriver the Vine Stalker Hedge Wizard began the quest for
                  | the Orb.
     0 | D:1      | Reached XP level 1. HP: 9/9 MP: 5/5
   408 | D:1      | Reached XP level 2. HP: 9/14 MP: 1/7
   723 | D:1      | Reached skill level 1 in Fighting
  1375 | D:1      | Reached XP level 3. HP: 18/18 MP: 7/9
  1433 | D:1      | Learned a level 1 spell: Sting
  2317 | D:2      | Gained mutation: Your natural rate of healing is unusually
                  | fast. [Vine Stalker growth]
  2317 | D:2      | Reached XP level 4. HP: 15/22 MP: 2/10
  2505 | D:2      | Reached skill level 1 in Poison Magic
  2906 | D:2      | Reached skill level 4 in Spellcasting
  3243 | D:3      | Reached XP level 5. HP: 26/26 MP: 7/12
  4007 | D:3      | Learned a level 2 spell: Blink
  4010 | D:3      | Learned a level 2 spell: Wereblood
  4038 | D:3      | Found a faded altar of an unknown god.
  4398 | D:4      | Succumbed to a scorpion's poison

Illustrated notes

Levels and vault maps discovered:
D:1:      shiori_arrival_oz, layout_loops_corners
D:2:      layout_rooms
D:3:      layout_basic, hellmonk_ecumenical_altar_leap_of_faith
D:4:      minmay_chambers_of_fours, layout_cave_pools, marbit_many_paths,
          mainiacjoe_overflow_cross_hatched, lemuel_temple_firewalk_b,
          uniq_natasha

Skill      XL: |  1  2  3  4 |
---------------+-------------+-----
Fighting       | 1 2 |  2.2
Conjurations   | 2 |  2.7
Poison Magic   | 1 |  1.9
Spellcasting   | 4 |  4.2
Dodging        | |  1.5
Stealth        | |  2.4
Summonings     | |  1.0
Translocations | |  1.0

Action                   |  1- 3 |  4- 6 || total
-------------------------+-------+-------++-------
Melee: Dagger            |    16 |       ||    16
       Bite              |     4 |       ||     4
       Short sword       |       |     2 ||     2
 Cast: Magic Dart        |   112 |    93 ||   205
       Sting             |       |     1 ||     1
  Use: Potion            |       |     2 ||     2
Armor: Robe              |     5 |     3 ||     8
Dodge: Dodged            |    17 |     8 ||    25

Table legend: (Time is in decaauts)
 A = Elapsed time spent in this place.
 B = Non-inter-level travel time spent in this place.
 C = Inter-level travel time spent in this place.
 D = Time resting spent in this place.
 E = Time spent auto-exploring this place.
 F = Levels seen in this place.
 G = Mean time per level.
                   A        B        C        D        E       F      G
               +--------+--------+--------+--------+--------+-----+--------+
         Total |   4397 |   4096 |    301 |    887 |   2792 |   4 | 1099.2 |
       Dungeon |   4397 |   4096 |    301 |    887 |   2792 |   4 | 1099.2 |
               +--------+--------+--------+--------+--------+-----+--------+

Top non-repeatable levels by time:
     D:1: 2023 daAuts
     D:3: 1308 daAuts
     D:2: 1051 daAuts
     D:4: 14 daAuts
